 Dungeon Crawl Stone Soup version 0.30.0-30-g96aa6591b8 (webtiles) character file.

Game seed: 14988510527507979375

590 croobank the Insei (level 7, -4/69 HPs)
             Began as an Octopode Transmuter on June 28, 2023.
             Slain by a killer bee (6 damage)
             ... on level 4 of the Dungeon.
             The game lasted 00:09:24 (2535 turns).

croobank the Insei (Octopode Transmuter)            Turns: 2535, Time: 00:09:24

Health: -4/69      AC: 23    Str: 10    XL:     7   Next: 38%
Magic:  10/12      EV:  2    Int: 17    God:
Gold:   214        SH:  0    Dex: 18    Spells: 6/12 levels left

rFire   + . .        i - +0 dagger
rCold   + . .        (no shield)
rNeg    . . .        (helmet currently unavailable)
rPois   +            (no amulet)
rElec   +            k - +6 ring of dexterity
rCorr   +            (no ring)
SInv    .            (no ring)
Will    .....        (no ring)
Stlth   ++           (no ring)
HPRegen 0.31/turn    (no ring)
MPRegen 0.13/turn    (no ring)
                     (no ring)

%: no passive effects
@: mighty, tree-form, resistant, attractive, hasted, invisible, very quick
A: stationary, stasis, torment immunity, boosted hp, almost no armour,
(amphibious), 8 rings, (camouflage 1), (gelatinous body 1), (nimble swimmer 1),
(tentacles), mutation resistance 1
a: no special abilities


You were on level 4 of the Dungeon.
You were a tree.
You visited 1 branch of the dungeon, and saw 4 of its levels.

You collected 214 gold pieces.

Inventory:

Hand Weapons
 e - a +0 hand axe
 g - a +2 vampiric spear
 i - a +0 dagger (weapon)
 j - a +2 mace of protection
 n - a +0 short sword
Magical Staves
 l - a staff of conjuration
 o - a staff of cold
 u - a staff of death
Jewellery
 k - a +6 ring of dexterity (left branch)
Scrolls
 b - 2 scrolls of immolation
 d - a scroll of identify
 r - a scroll of teleportation {unknown}
 v - a scroll of noise {unknown}
Potions
 a - a potion of cancellation
 h - 2 potions of curing
 s - a potion of mutation


   Skills:
 + Level 3.0 Fighting
 + Level 3.5 Dodging
 + Level 4.2 Unarmed Combat
 + Level 3.4 Spellcasting
 + Level 3.6 Transmutations
 * Level 3.6 Poison Magic


You had 6 spell levels left.
You knew the following spells:

 Your Spells              Type           Power      Damage    Failure   Level
a - Beastly Appendage     Tmut           30%        N/A       3%          1
b - Wereblood             Tmut           15%        N/A       6%          2
c - Spider Form           Tmut/Pois      15%        N/A       11%         3

Your spell library contained the following spells:

 Spells                   Type           Power      Damage    Failure   Level
 Poisonous Vapours        Pois/Air       18%        N/A       12%         2
 Mephitic Cloud           Conj/Pois/Air  7%         N/A       30%         3
 Ice Form                 Ice/Tmut       9%         N/A       63%         4
 Manifold Assault         Tloc           2%         N/A       86%         4
 Freezing Cloud           Conj/Ice/Air   1%         6-21      99%         5
 Dispersal                Tloc           1%         N/A       100%        6
 Disjunction              Tloc           1%         N/A       100%        8
 Chain Lightning          Conj/Air       1%         3d1       100%        9
 Fire Storm               Conj/Fire      1%         7d1       100%        9
 Shatter                  Erth           1%         3d5*      100%        9


Dungeon Overview and Level Annotations

Branches:
Dungeon (4/15)             Temple (0/1) D:4

Altars:
Dithmenos
Okawaru

Shops:
D:2 (


Innate Abilities, Weirdness & Mutations

You are a tree.
Your roots penetrate the ground, keeping you stationary.
You cannot be teleported.
You are immune to unholy pain and torment.
Your maximum health is greatly increased.
You cannot wear most types of armour.
((You are amphibious.))
You can wear up to eight rings at the same time.
((Your skin changes colour to match your surroundings (Stealth+).))
((Your rubbery body absorbs attacks. (AC +1, EV +1)))
((You are camouflaged when in or above water. (Stealth+)))
((You have tentacles for arms and can constrict up to eight enemies at once.))
You are somewhat resistant to further mutation.


Message History

The killer bee stings you.
* * * LOW HITPOINT WARNING * * *
The killer bee stings you but does no damage.
It was a potion of invisibility.
You fade into invisibility!
The killer bee completely misses you.
The killer bee stings you but does no damage. x2
The killer bee completely misses you.
The killer bee stings you but does no damage.
It was a potion of mutation.
You feel extremely strange.
You feel genetically stable.
The killer bee stings you but does no damage.
The killer bee stings you.
* * * LOW HITPOINT WARNING * * *
The killer bee stings you but does no damage. x3
The scorpion stings you but does no damage.
The killer bee stings you but does no damage. x5
It was a potion of attraction.
You feel attractive to monsters.
The scorpion stings you but does no damage.
The killer bee stings you but does no damage.
The killer bee barely misses you.
The killer bee stings you but does no damage. x3
The giant cockroach is attracted toward you.
You are too injured to fight recklessly!
You barely miss the killer bee. The killer bee stings you.
* * * LOW HITPOINT WARNING * * *
The killer bee barely misses you. The killer bee stings you.
* * * LOW HITPOINT WARNING * * *
The killer bee stings you but does no damage.
The killer bee stings you.
* * * LOW HITPOINT WARNING * * *
The scorpion stings you but does no damage.
You feel better.
The killer bee stings you but does no damage. x2
The killer bee stings you!
* * * LOW HITPOINT WARNING * * *
The killer bee stings you but does no damage.
The killer bee stings you.
You die...

####.................#
##.............##.#
##...........## .
######.####..#
#..####.# ###......###
. #......###....#...
#.........yy......
#......###♣yB.....
#........syy)....<
#......##...#..#..
.......##...#.§...
#...... ....# ....
#.)..# .... #....# ..#
#.....


You could see a scorpion (unable to see you), 5 killer bees and a giant
cockroach (unable to see you).

Vanquished Creatures
  Grinder (D:3)
  Menkaure (D:4)
  A bullfrog (D:4)
  A scorpion (D:2)
  A jelly (D:3)
  An orc wizard (D:3)
  2 adders
  A worm (D:2)
  5 dart slugs
  3 orcs (D:3)
  3 ball pythons
  10 bats
  3 endoplasms
  2 giant cockroaches (D:1)
  6 goblins
  5 hobgoblins
  2 jackals (D:1)
  5 kobolds
  2 quokkas
  3 frilled lizards (D:1)
  5 rats
63 creatures vanquished.

Notes
Turn   | Place    | Note
-------+----------+-------------------------------------------
     0 | D:1      | croobank the Octopode Transmuter began the quest for the
                  | Orb.
     0 | D:1      | Reached XP level 1. HP: 13/13 MP: 3/3
    77 | D:1      | Reached XP level 2. HP: 18/18 MP: 5/5
   105 | D:1      | Learned a level 2 spell: Wereblood
   249 | D:1      | Found a faded altar of an unknown god.
   340 | D:1      | Reached XP level 3. HP: 20/23 MP: 4/6
   826 | D:2      | Noticed a scorpion
   846 | D:2      | Killed a scorpion
   847 | D:2      | Reached XP level 4. HP: 7/29 MP: 5/7
   956 | D:2      | Learned a level 3 spell: Spider Form
  1201 | D:2      | Found Bythrim's Antique Weapon Boutique.
  1349 | D:2      | Reached XP level 5. HP: 34/34 MP: 5/9
  1648 | D:3      | Noticed Grinder
  1659 | D:3      | Paralysed by Grinder for 3 turns
  1661 | D:3      | HP: 1/34 [kobold/+0 club (4)]
  1665 | D:3      | Killed Grinder
  1666 | D:3      | Reached XP level 6. HP: 15/41 MP: 8/10
  1765 | D:3      | Found a shadowy altar of Dithmenos.
  1823 | D:3      | Reached skill level 4 in Unarmed Combat
  1858 | D:3      | Found an iron altar of Okawaru.
  2480 | D:4      | Found a staircase to the Ecumenical Temple.
  2511 | D:4      | Reached XP level 7. HP: 43/45 MP: 8/11
  2513 | D:4      | Noticed Menkaure
  2520 | D:4      | Killed Menkaure
  2532 | D:4      | Gained mutation: You are somewhat resistant to further
                  | mutation. [potion of mutation]
  2534 | D:4      | HP: 1/69 [killer bee (5)]
  2535 | D:4      | Slain by a killer bee

Illustrated notes

Levels and vault maps discovered:
D:1:      dpeg_arrival_rooms_a, layout_rooms, basic_ecumenical_altar,
          nicolae_kite_square_tiling_tiny, dreamdust_princess_corridor,
          minmay_tetromino_i4
D:2:      layout_rooms, serial_shops, shop, minmay_door_square,
          minmay_misc_feat_more_columns, kennysheep_doodads, nrook_campfire
D:3:      layout_basic, okawaru_ov_weapons_minmay, amcnicky_altar_gilded,
          uniq_grinder
D:4:      layout_rooms, nicolae_ru_awakened_eye,
          minmay_temple_entry_statues_pillars, uniq_menkaure, uniq_eustachio

Skill      XL: |  1  2  3  4  5  6  7 |
---------------+----------------------+-----
Fighting       | 2 3 |  3.0
Dodging        | 3 |  3.5
Spellcasting   | 3 |  3.4
Transmutations | 3 |  3.6
Poison Magic   | 2 3 |  3.6
Unarmed Combat | 4 |  4.2

Action                     |  1- 3 |  4- 6 |  7- 9 || total
---------------------------+-------+-------+-------++-------
  Melee: Hand axe          |    30 |       |       ||    30
         Kick              |    19 |    23 |     3 ||    45
         Unarmed           |     3 |       |       ||     3
         Constrict         |    18 |    24 |     1 ||    43
         Tentacles         |    14 |    16 |     2 ||    32
         Dagger            |    33 |    71 |     9 ||   113
         Punch             |       |     1 |     1 ||     2
   Cast: Beastly Appendage |    16 |    17 |       ||    33
         Wereblood         |    10 |    15 |       ||    25
    Use: Potion            |     2 |     2 |    11 ||    15
         Scroll            |       |     8 |       ||     8
   Stab: Sleeping          |     2 |     4 |       ||     6
 Armour: Skin              |    20 |     7 |    52 ||    79
  Dodge: Dodged            |    43 |    54 |    14 ||   111
